 Dungeon Crawl Stone Soup version 0.31.0-2-g5a2aebc5c2 (webtiles) character file.

Game seed: 2214353017051917047

718 EnegeticOcto the Chopper (level 7, -7/62 HPs)
             Began as a Minotaur Fighter on Jan 20, 2024.
             Was an Initiate of Ru.
             Mangled by an ogre
             ... wielding a +0 giant club
              (26 damage)
             ... on level 5 of the Dungeon.
             The game lasted 00:02:06 (3246 turns).

EnegeticOcto the Chopper (Minotaur Fighter)         Turns: 3246, Time: 00:02:06

Health: -7/62      AC:  4    Str: 23    XL:     7   Next: 42%
Magic:  0/6        EV:  7    Int:  5    God:    Ru [......]
Gold:   269        SH:  0    Dex:  9    Spells: 6/6 levels left

rFire   . . .        i - +0 battleaxe
rCold   . . .        (shield currently unavailable)
rNeg    . . .        t - +0 plate armour
rPois   .            (helmet restricted)
rElec   .            (no cloak)
rCorr   .            (no gloves)
SInv    .            (no boots)
Will    .....        m - amulet of guardian spirit Stlth
                     (no ring)
HPRegen 0.30/turn    (no ring)
MPRegen 0.10/turn

%: guardian spirit
@: corroded, slowed, very slow
A: horns 2, retaliatory headbutt
a: Renounce Religion


You were on level 5 of the Dungeon.
You worshipped Ru.
Ru was noncommittal.
You visited 2 branches of the dungeon, and saw 6 of its levels.

You collected 269 gold pieces.

Inventory:

Hand Weapons
 a - a +0 war axe
 i - a +0 battleaxe (weapon)
   (You found it on level 2 of the Dungeon)
Armour
 b - a +1 scale mail
 c - a +0 buckler
 t - a +0 plate armour (worn)
   (You found it on level 4 of the Dungeon)
Jewellery
 m - an amulet of guardian spirit (around neck)
   (You found it on level 2 of the Dungeon)
Wands
 e - a wand of mindburst (27)
   (You found it on level 2 of the Dungeon)
Scrolls
 g - a scroll of noise
 k - a scroll of teleportation {@r3}
 l - a scroll of immolation
 p - a scroll of blinking {@r4}
 s - a scroll of poison
 u - a scroll of enchant armour
Potions
 d - a potion of might {@q3}
 f - a potion of mutation {unknown}
 h - 4 potions of curing {unknown}
 j - 2 potions of magic {unknown}
 n - a potion of heal wounds {unknown}
 o - a potion of haste {unknown}
 q - a potion of lignification {unknown}
 r - a potion of ambrosia {unknown}


   Skills:
 + Level 5.6 Fighting
 * Level 6.7 Axes
 + Level 5.6 Armour
 + Level 3.0 Dodging
 - Level 4.4 Shields


You had 6 spell levels left.
You didn't know any spells.
Your spell library was empty.

Dungeon Overview and Level Annotations

Branches:
Dungeon (5/15)             Temple (1/1) D:4

Altars:
Dithmenos
Elyvilon
Fedhas
Hepliaklqana
Kikubaaqudgha
Makhleb
Nemelex Xobeh
Qazlal
Ru
Sif Muna
Trog
Uskayaw
Vehumet
Xom
Yredelemnul
Zin


Innate Abilities, Weirdness & Mutations

You have a pair of horns on your head.
You reflexively headbutt those who attack you in melee.


Message History

You slash the adder!
You kill the adder!
A wraith comes into view.
Your Axes skill increases to level 6!
A scorpion comes into view.
Found 9 gold pieces.
The iguana bites you but does no damage.
You closely miss the iguana.
The iguana bites you but does no damage.
You hit the iguana. You headbutt the iguana!
The iguana is heavily wounded.
The iguana bites you but does no damage.
You hit the iguana.
The iguana is severely wounded.
The iguana bites you. x2
You barely miss the iguana.
The iguana is severely wounded.
The iguana barely misses you.
There are monsters nearby!
There are monsters nearby!
You barely miss the iguana.
The iguana is severely wounded.
The iguana completely misses you.
The iguana bites you but does no damage.
You slice the iguana!!
You kill the iguana!
You slash the scorpion!
The scorpion is heavily wounded.
The scorpion stings you. x2
You slice the scorpion!!
You kill the scorpion!
The wraith hits you but does no damage.
You have reached level 7!
You barely miss the wraith. The wraith hits you.
You closely miss the wraith. You headbutt the wraith.
The wraith is lightly damaged.
The wraith hits you but does no damage. The wraith hits you.
The wraith drains your vigour!
You feel yourself slow down.
You hit the wraith but do no damage. Your headbutt misses the wraith.
The wraith is lightly damaged.
The wraith hits you. The wraith hits you!
You closely miss the wraith.
You headbutt the wraith, but do no damage.
The wraith is lightly damaged.
The wraith hits you but does no damage. x2
You barely miss the wraith.
The wraith is lightly damaged.
The wraith barely misses you. The wraith hits you!
The wraith drains your vigour!
You feel as though you will be slow longer.
You slash the wraith! Your headbutt misses the wraith.
The wraith is heavily damaged.
The wraith hits you but does no damage. The wraith barely misses you.
You barely miss the wraith.
The wraith is heavily damaged.
The wraith hits you. The wraith drains your vigour!
You feel as though you will be slow longer.
The wraith hits you but does no damage.
You barely miss the wraith.
The wraith is heavily damaged.
The wraith hits you. The wraith drains your vigour!
You feel as though you will be slow longer.
The wraith closely misses you.
You are too injured to fight recklessly!
You are too injured to fight recklessly!
You are too injured to fight recklessly!
You are too injured to fight recklessly!
You are too injured to fight recklessly!
You are too injured to fight recklessly!
You are too injured to fight recklessly!
You are too injured to fight recklessly!
You are too injured to fight recklessly!
You slice the wraith!!
You destroy the wraith!
Your Dodging skill increases to level 3!
Found 9 gold pieces.
You see here a scorpion corpse. 2 jellies come into view.
Found 13 gold pieces and a dagger.
The jelly quivers. x2
An ogre comes into view. It is wielding a +0 giant club.
Found a scroll of enchant armour.
The ogre shouts!
The jelly completely misses you.
There are monsters nearby!
You hit the jelly.
Your hands burn!
You headbutt the jelly!
The jelly is almost dead.
The jelly hits you. The acid corrodes you!
You are splashed with acid!
The jelly hits you but does no damage.
A shadow imp comes into view.
The shadow imp shouts, "Flee, thou feckless hell-hated horn-beast!"
You slash the ogre!
The ogre is heavily wounded.
You slash the jelly!
You kill the jelly!
You hit the jelly. The acid corrodes you!
Your hands burn!
* * * LOW HITPOINT WARNING * * *
An orc comes into view. It is wielding a +0 short sword.
The ogre hits you with a +0 giant club!!
You die...

#.....#.†....... ....
##.....#########......?o
..^(................5..#
.............### #......
.......####..####.$.....
#............†........#.
.........###.#..........
..######........JO....#
.# ####....$@.....#
.$..........###
..##.........# .
....##......# .....
..#.#....
#...##.)........ ...#
...#....... ...# .......


You could see an ogre, a jelly, a shadow imp and an orc (wandering).

Vanquished Creatures
  A wraith (D:5)
  A phantom (D:4)
  2 scorpions
  A bombardier beetle (D:3)
  An orc priest (D:3)
  A jelly (D:5)
  2 iguanas (D:5)
  An orc wizard (D:3)
  Terence (D:2)
  4 gnolls
  7 adders
  A shadow imp (D:5)
  3 ribbon worms
  2 dart slugs
  2 orcs (D:3)
  7 ball pythons
  7 bats
  4 endoplasms
  3 giant cockroaches (D:1)
  10 goblins
  9 hobgoblins
  4 jackals (D:5)
  7 kobolds
  3 quokkas
  2 frilled lizards
  6 rats
92 creatures vanquished.

Vanquished Creatures (others)
  A human (D:4)
1 creature vanquished.

Grand Total: 93 creatures vanquished

Notes
Turn   | Place    | Note
-------+----------+-------------------------------------------
     0 | D:1      | EnegeticOcto the Minotaur Fighter began the quest for the
                  | Orb.
     0 | D:1      | Reached XP level 1. HP: 19/19 MP: 0/0
   224 | D:1      | Reached XP level 2. HP: 22/27 MP: 1/1
   316 | D:1      | Reached skill level 3 in Axes
   533 | D:1      | Reached XP level 3. HP: 30/33 MP: 2/2
  1109 | D:2      | Reached XP level 4. HP: 40/40 MP: 3/3
  1329 | D:2      | Noticed Terence
  1334 | D:2      | Killed Terence
  1335 | D:2      | Reached skill level 4 in Axes
  1608 | D:3      | Reached XP level 5. HP: 34/47 MP: 4/4
  1612 | D:3      | Reached skill level 1 in Dodging
  1774 | D:3      | Reached skill level 5 in Axes
  2129 | D:3      | Reached XP level 6. HP: 50/55 MP: 5/5
  2244 | D:4      | Found an ancient bone altar of Kikubaaqudgha.
  2249 | D:4      | Noticed a human
  2250 | D:4      | Killed a human
  2460 | D:4      | You fall into a shaft and drop 1 floor!
  2460 | D:5      | Entered Level 5 of the Dungeon
  2497 | D:4      | Reached skill level 5 in Fighting
  2497 | D:4      | Reached skill level 5 in Armour
  2683 | D:4      | Found a staircase to the Ecumenical Temple.
  2694 | Temple   | Entered the Ecumenical Temple
  2713 | Temple   | Became a worshipper of Ru the Awakened
  3221 | D:5      | Noticed a wraith
  3222 | D:5      | Reached skill level 6 in Axes
  3232 | D:5      | Reached XP level 7. HP: 54/61 MP: 4/6
  3240 | D:5      | Killed a wraith
  3246 | D:5      | Mangled by an ogre

Illustrated notes

Levels and vault maps discovered:
D:1:      lightli_arrival_quake, layout_loops_corners, hex_medium,
          minmay_indecisive_spiral
D:2:      layout_basic, uniq_terence
D:3:      layout_basic
D:4:      layout_loops_ring, tgw_kikubaaqudgha, temple_hall
D:5:      layout_rooms, serial_park_tiny_pond
Temple:   nicolae_temple_bog_church

Skill      XL: |  1  2  3  4  5  6  7 |
---------------+----------------------+-----
Axes           | 3 4 5 6 |  6.7
Shields        | 4 |  4.4
Armour         | 4 5 |  5.6
Fighting       | 4 5 |  5.6
Dodging        | 1 2 3 |  3.0

Action                     |  1- 3 |  4- 6 |  7- 9 || total
---------------------------+-------+-------+-------++-------
  Melee: War axe           |    73 |    16 |       ||    89
         Headbutt          |     8 |    12 |     3 ||    23
         Battleaxe         |       |   128 |    11 ||   139
    Use: Scroll            |     5 |     3 |       ||     8
 Armour: Scale mail        |    47 |    92 |       ||   139
         Plate armour      |       |    58 |    15 ||    73
  Dodge: Dodged            |    39 |    87 |     4 ||   130
  Block: Buckler           |    17 |     3 |       ||    20
